 Dungeon Crawl Stone Soup version 0.30.0-5-g1a98f26d00 (webtiles) character file.

Game seed: 10348997443466450264

83 juan097 the Magician (level 4, -1/31 HPs)
             Began as a Djinni Earth Elementalist on May 9, 2023.
             Killed from afar by an orc wizard (10 damage)
             ... with a magic dart
             ... on level 3 of the Dungeon.
             The game lasted 00:08:15 (2058 turns).

juan097 the Magician (Djinni Earth Elementalist)    Turns: 2058, Time: 00:08:16

Health: -1/31      AC:  4    Str:  7    XL:     4   Next: 71%
Gold:   99         EV: 12    Int: 18    God:
                   SH:  0    Dex: 14

rFire   + + .        a - +0 rapier
rCold   x . .        (no shield)
rNeg    . . .        c - +0 robe
rPois   ∞            e - +0 helmet
rElec   .            (no cloak)
rCorr   .            n - +0 pair of gloves
SInv    .            (boots unavailable)
Will    .....        (no amulet)
Stlth   ++           (no ring)
HPRegen 0.25/turn    (no ring)
MPRegen 0.00/turn

%: infuse magic (-2 HP)
@: flying
A: sickness immunity, fire resistance 2, cold vulnerability 1, float, innate
caster, HP casting, extra vitality 1
a: no special abilities


You were on level 3 of the Dungeon.
You visited 1 branch of the dungeon, and saw 3 of its levels.

You collected 139 gold pieces.
You spent 40 gold pieces at shops.

Inventory:

Hand Weapons
 a - a +0 rapier (weapon)
 b - a +0 sling
Armour
 c - a +0 robe (worn)
 e - a +0 helmet (worn)
 n - a +0 pair of gloves (worn)
Wands
 p - a wand of roots (6)
Scrolls
 f - 6 scrolls of identify {unknown}
 g - a scroll of brand weapon {unknown}
 h - a scroll of immolation {unknown}
 j - 3 scrolls of fog {unknown}
 k - a scroll of fear {unknown}
 l - 3 scrolls of amnesia {unknown}
 m - 4 scrolls of teleportation {unknown}
 t - a scroll of torment {unknown}
Potions
 d - a potion of degeneration {unknown}
 i - 4 potions of might {unknown}
 o - a potion of mutation {unknown}
 q - a potion of heal wounds {unknown}
 r - a potion of lignification {unknown}
 s - a potion of curing {unknown}


   Skills:
 - Level 2.1 Dodging
 + Level 3.0 Stealth
 + Level 3.2 Spellcasting


You knew the following spells:

 Your Spells              Type           Power      Damage    Failure   Level
a - Sandblast             Erth           28%        2d8       4%          1
b - Passwall              Tmut/Erth      11%        N/A       6%          2
c - Stone Arrow           Conj/Erth      28%        3d8       12%         3
d - Petrify               Tmut/Erth      14%        N/A       38%         4
e - Summon Small Mammal   Summ           56%        N/A       4%          1
Your spell library was empty.

Dungeon Overview and Level Annotations

Branches:
Dungeon (3/15)

Altars:
Dithmenos

Shops:
D:1 *   D:3 [

Annotations:
D:2 Sigmund


Innate Abilities, Weirdness & Mutations

You are immune to sickness and miasma.
You are immune to poison.
Your flesh is very heat resistant. (rF++)
You are vulnerable to cold. (rC-)
You float through the air rather than walking.
You learn spells naturally, not from books.
Your magical power is your life essence.
You have superior vitality. (+4 MHP)


Message History

An orc and 2 orc wizards come into view.
The orc wizard shouts!
You hear a shout! x2
a - a +0 rapier (weapon)
The blast of sand misses the orc wizard.
The orc wizard gestures wildly while chanting.
The orc wizard flickers and vanishes!
Deactivating autopickup; reactivate with Ctrl-A.
Something hits you but does no damage.
The blast of sand hits something.
Something hits you. The orc wizard casts a spell at you.
The puff of flame hits you. You resist.
The blast of sand hits something.
Something hits you but does no damage. Something hits you.
You hit the orc.
The orc is moderately wounded.
The orc barely misses you. Something barely misses you.
The blast of sand hits the orc.
You kill the orc!
An orc comes into view. It is wielding a +0 short sword.
Something hits you but does no damage. Something hits you.
Things that are here:
a +0 short sword; a +0 leather armour Something hits you.
The orc wizard mumbles some strange words.
The orc wizard flickers and vanishes!
A magic dart appears from out of thin air!
The magic dart hits you!
* * * LOW HITPOINT WARNING * * *
The orc shouts!
Sorry, you're not good enough to have a special ability.
Unknown command.
Aiming: Fastroot
Press: ? - help, Shift-Dir - straight line The roots erupt in riotous growth!
Roots grab the orc.
The grasping roots constrict the orc.
The orc escapes!
Unknown command.
A magic dart appears from out of thin air!
The magic dart hits you!
You die...

#.? # #.# .. #.# #. #.# #.
##### #.# #.### ##...##
#.# #....
#.....#######.#### #....
###....?...........###....
#........@####....#......#
#.##..{##o# #......###..##
#....o....# ##...### #..##
#..##)###.# ##.## #...# #o
#.# #.# #.# #.... #o #{#
#.# #.# #.... #.o##.###.#
##'## ##... #.........#
##...## ##.#
#####.#######.....## #..


You could see an orc.

Vanquished Creatures
  2 adders (D:2)
  3 dart slugs
  3 orcs (D:3)
  4 bats
  4 endoplasms
  A giant cockroach (D:2)
  6 goblins
  6 hobgoblins
  2 quokkas
  8 ball pythons
  4 frilled lizards
  3 kobolds
  7 rats
53 creatures vanquished.

Notes
Turn   | Place    | Note
-------+----------+-------------------------------------------
     0 | D:1      | juan097 the Djinni Earth Elementalist began the quest for
                  | the Orb.
     0 | D:1      | juan097 set off with the following spells memorised:
                  | Sandblast, Passwall, Stone Arrow, Petrify.
     0 | D:1      | Reached XP level 1. HP: 15/15 MP: 0/0
   105 | D:1      | Reached XP level 2. HP: 21/21 MP: 0/0
   292 | D:1      | Found Gofannupn's Assorted Antiques.
   384 | D:1      | Reached XP level 3. HP: 25/25 MP: 0/0
   384 | D:1      | Learned a level 1 spell: Summon Small Mammal
   818 | D:1      | Bought a scroll labelled JUSUP RIEFAH for 20 gold pieces
   818 | D:1      | Bought a scroll labelled CORPHO OGHILOHO for 20 gold pieces
  1277 | D:2      | Noticed Sigmund
  1287 | D:2      | Reached XP level 4. HP: 25/31 MP: 0/0
  1503 | D:3      | Found a faded altar of an unknown god.
  1735 | D:3      | Found a shadowy altar of Dithmenos.
  1846 | D:3      | Found Xijula's Antique Armour Shoppe.
  2058 | D:3      | Killed from afar by an orc wizard

Illustrated notes

Levels and vault maps discovered:
D:1:      doesnt_arrival_eight_statues, layout_loops_ring, serial_shops,
          nicolae_shop_real_fake_doors, st_stairs_12, minmay_indecisive_spiral
D:2:      layout_basic, uniq_sigmund
D:3:      layout_loops_corners, overflow_temple_1_default,
          nicolae_ecumenical_pavilion, serial_shops, nicolae_shop_tiny_glass,
          hangedman_decor_growths, chequers_serial_rivers_marsh,
          minmay_box_of_dots

Skill      XL: |  1  2  3  4 |
---------------+-------------+-----
Stealth        | 2 3 |  3.0
Spellcasting   | 3 |  3.2
Dodging        | |  2.1

Action                     |  1- 3 |  4- 6 || total
---------------------------+-------+-------++-------
  Melee: Rapier            |     1 |     5 ||     6
   Fire: Sling             |    36 |     7 ||    43
   Cast: Sandblast         |    28 |    23 ||    51
         Passwall          |       |     1 ||     1
  Evoke: Wand              |       |     1 ||     1
   Stab: Sleeping          |     1 |     2 ||     3
 Armour: Robe              |     4 |     4 ||     8
  Dodge: Dodged            |     9 |     8 ||    17
